 Dungeon Crawl Stone Soup version 0.19-a0-1827-g174f941 (webtiles) character file.

48391 hairmachine the Severer (level 14, 0/133 HPs)
             Began as a Hill Orc Fighter on Oct 7, 2016.
             Was the Champion of Makhleb.
             Slain by an orc high priest
             ... wielding a cursed -1 glaive
              (3 damage)
             ... while paralysed by an orc sorcerer
             ... on level 2 of the Orcish Mines.
             The game lasted 01:05:17 (21946 turns).

hairmachine the Severer (Hill Orc Fighter)         Turns: 21946, Time: 01:05:17

Health: 0/133      AC:  5    Str: 19    XL:     14   Next: 46%
Magic:  18/18      EV:  2    Int:  8    God:    Makhleb [******]
Gold:   1212       SH:  0    Dex: 16    Spells: 0 memorised, 13 levels left

rFire  + + .     SeeInvis +     a - +2 war axe (flame)
rCold  . . .     Gourm    .     P - +4 plate armour
rNeg   . . .     Faith    .     c - +0 shield
rPois  .         Spirit   .     A - +2 helmet
rElec  +         Dismiss  .     b - +1 cloak
rCorr  .         Reflect  .     i - +1 pair of gloves
MR     +....     Harm     .     s - +2 pair of boots of Beogh's Fury {rElec rF+}
Stlth  ..........               C - amulet of regeneration
                                y - ring of Grace {rElec Str-3 Dex+4 SInv}
                                u - ring of protection from fire

@: paralysed, lethally poisoned (0 -> -9), corroded
A: no striking features
a: Minor Destruction, Lesser Servant of Makhleb, Major Destruction, Greater
Servant of Makhleb, Renounce Religion, Convert to Beogh


You were on level 2 of the Orcish Mines.
You worshipped Makhleb.
Makhleb was exalted by your worship.
You were not hungry.

You visited 4 branches of the dungeon, and saw 21 of its levels.

You collected 1459 gold pieces.
You spent 247 gold pieces at shops.

Inventory:

Hand Weapons
 a - a +2 war axe of flaming (weapon)
 K - a +0 whip of venom
Missiles
 N - 2 throwing nets (quivered)
Armour
 b - a +1 cloak (worn)
 c - a +0 shield (worn)
 i - a +1 pair of gloves (worn)
 s - the +2 pair of boots of Beogh's Fury (worn) {rElec rF+}
   (You acquired it on level 2 of the Lair of Beasts)

   It protects you from fire.
   It insulates you from electricity.
 z - a +0 pair of boots
 A - a +2 helmet (worn)
 P - a +4 plate armour (worn)
Jewellery
 e - an uncursed ring of flight
 u - a ring of protection from fire (left hand)
 y - the ring of Grace (right hand) {rElec Str-3 Dex+4 SInv}
   (You found it on level 6 of the Lair of Beasts)

   [ring of dexterity]

   It affects your strength (-3).
   It affects your dexterity (+4).
   It insulates you from electricity.
   It lets you see invisible.
 C - an amulet of regeneration (around neck)
 V - an uncursed ring of ice
Wands
 h - a wand of iceblast (15/15)
 M - a wand of acid (7/15)
 Q - a wand of confusion (28/48)
 T - a wand of disintegration (6/24)
 U - a wand of hasting (5/9)
Scrolls
 g - 3 scrolls of fog
 l - a scroll of blinking
 m - 10 scrolls of remove curse
 n - 4 scrolls of teleportation
 E - a scroll of amnesia
 H - 2 scrolls of recharging
 J - a scroll of brand weapon
 L - a scroll of silence
 R - 2 scrolls of fear
 W - a scroll of acquirement
 Y - a scroll of noise {unknown}
 Z - 10 scrolls of identify
Potions
 j - 6 potions of flight
 k - 3 potions of cure mutation
 o - a potion of magic
 p - 12 potions of degeneration
 r - a potion of invisibility
 v - 4 potions of brilliance
 w - 4 potions of lignification
 x - 2 potions of cancellation
 B - a potion of resistance
 F - a potion of ambrosia
 O - 2 potions of agility
Books
 d - a book of Beasts

   Spells                             Type                      Level
   a - Summon Butterflies             Summoning                    1
   b - Call Canine Familiar           Summoning                    3
   c - Summon Ice Beast               Ice/Summoning                4
   d - Summon Mana Viper              Hexes/Summoning              5
   e - Summon Hydra                   Summoning                    7
Comestibles
 f - 14 bread rations
 q - 2 fruits
 t - 13 meat rations
 D - 9 chunks of flesh
 G - 3 slices of pizza
 I - 4 beef jerkies
 S - 7 royal jellies


   Skills:
 + Level 14.5 Fighting
 - Level 18.0 Axes
 + Level 8.3 Armour
 + Level 4.2 Dodging
 + Level 13.6 Shields
 - Level 6.3 Invocations


You had 13 spell levels left.
You didn't know any spells.

Dungeon Overview and Level Annotations

Branches:
Dungeon (12/15)            Temple (1/1) D:5            Lair (6/6) D:10
 Shoals (0/4) Lair:2       Spider (0/4) Lair:2        Slime (0/5) Lair:5
    Orc (2/2) D:11
    Elf: Orc:2

Altars:
Ashenzari
Cheibriados
Dithmenos
Elyvilon
Fedhas
Gozag
Hepliaklqana
Kikubaaqudgha
Makhleb
Nemelex Xobeh
Okawaru
Qazlal
Ru
Sif Muna
Trog
Uskayaw
Vehumet
Xom
Yredelemnul
Zin
The Shining One

Shops:
D:7 :   D:8 *   D:12 }

Annotations:
D:3 benitares's ghost, amateur VSGl
D:9 exclusion: statue
Lair:1 exclusion: 2 oklob plants


Message History

You are poisoned.
The orange demon poisons you!
The orc warrior hits you with a hand axe!!
* * * LOW HITPOINT WARNING * * *
The rust devil hits you!
* * * LOW HITPOINT WARNING * * *
The rust devil corrodes you!
The orc sorcerer barely misses your smoke demon.
Your smoke demon completely misses the ice devil.
Your smoke demon hits the ice devil but does no damage.
Your smoke demon barely misses the ice devil.
Your neqoxec misses the orc warrior.
Your orange demon stings the orc sorcerer!
The orc sorcerer dies!
Makhleb accepts your kill.
The rust devil disappears in a puff of smoke!
The orange demon disappears in a puff of smoke!
The ice devil disappears in a puff of smoke!
The orc high priest hits you from afar with a glaive.
You die...

.#............ .
............. #.
#............
...#............
..#.............
......§oo.......
.....ooo)4......
.....oo§@3......
......3§o)......
......3.........
..#.............
................
................
..............#.
..............#


You could see an orc high priest, 4 orc warriors, an orc priest, an orc wizard,
an orc, a friendly orange demon, 2 friendly smoke demons and a friendly neqoxec.

Vanquished Creatures
  Gastronok (Lair:2)
  Snorg (Lair:6)
  Fannar (D:11)
  3 hydras
  A death yak (D:10)
  The ghost of wazuzu the Cruncher, a novice DsGl of Trog (Lair:2)
  A fire crab (Lair:5)
  An unseen horror (D:12)
  A deep elf mage (D:12)
  A hill giant (D:12)
  A cyclops (D:11)
  The ghost of Charly the Covert, a novice SpEn of Ashenzari (D:11)
  7 elephants (Lair:6)
  4 black mambas
  Psyche (D:10)
  3 torpor snails (Lair:3)
  A rime drake (Lair:5)
  23 spiny frogs
  5 komodo dragons
  2 ice devils (Lair:1)
  A queen bee (D:11)
  2 trolls (D:10)
  A polar bear (Lair:4)
  2 two-headed ogres
  2 tyrant leeches (Lair:6)
  5 slime creatures (D:12)
  5 hippogriffs
  8 blink frogs
  A shadow (D:11)
  3 wyverns
  37 yaks
  A wraith (D:9)
  A fire elemental (Lair:3)
  2 hungry ghosts
  4 basilisks
  4 vampire mosquitoes (Lair:6)
  A steam dragon (D:10)
  2 soldier ants
  17 water moccasins
  7 porcupines
  A swamp drake (D:11)
  7 orc warriors
  2 hornet zombies
  3 sky beasts
  A phantom (D:7)
  2 ice beasts
  9 ogres
  2 wolves (Lair:5)
  8 centaurs
  11 crocodiles
  2 big kobolds
  28 bullfrogs
  7 scorpions
  20 killer bees
  3 wights (D:10)
  4 howler monkeys
  6 crimson imps
  3 electric eels (Lair:6)
  2 bullfrog zombies
  6 hounds
  2 quasits
  3 bullfrog skeletons
  9 orc priests
  2 jellies
  20 orc wizards
  6 iguanas
  11 worker ants
  4 hell rats (Lair:6)
  2 hound skeletons
  7 gnolls
  19 adders
  A howler monkey skeleton (D:10)
  3 shadow imps
  2 oozes
  An adder zombie (D:5)
  An adder skeleton (D:6)
  A worm (D:5)
  3 dart slugs
  2 leopard geckos
  67 orcs
  9 giant cockroaches
  5 goblins
  7 hobgoblins
  10 jackals
  2 quokkas
  2 ball pythons
  11 bats
  9 frilled lizards
  22 kobolds
  A leopard gecko zombie (D:6)
  14 rats
  2 plants
553 creatures vanquished.

Vanquished Creatures (collateral kills)
  A hydra (Lair:6)
  An orc sorcerer (Orc:2)
  A tyrant leech (Lair:6)
  A blink frog (Lair:5)
  2 wolves (Lair:5)
  A bullfrog (Lair:6)
7 creatures vanquished.

Vanquished Creatures (others)
  A draconian (D:1)
  A vine stalker (D:1)
  2 gargoyles (D:1)
  A troll (D:1)
  A formicid (D:1)
  2 humans (D:1)
  A dwarf (D:1)
  4 ogres (D:1)
  A centaur (D:1)
  An ooze (D:1)
  An orc (D:1)
  8 fungi
  36 plants
  8 tentacles (D:1)
68 creatures vanquished.

Grand Total: 628 creatures vanquished

Notes
Turn   | Place    | Note
-------+----------+-------------------------------------------
     0 | D:1      | hairmachine the Hill Orc Fighter began the quest for the Orb.
     0 | D:1      | Reached XP level 1. HP: 19/19 MP: 1/1
     2 | D:1      | Killed a troll
     3 | D:1      | Noticed a human
     3 | D:1      | Noticed a gargoyle
     3 | D:1      | Noticed an ogre
     3 | D:1      | Noticed a centaur
     3 | D:1      | Noticed a kraken
     3 | D:1      | Noticed a human
     3 | D:1      | Noticed a draconian
     3 | D:1      | Noticed a vine stalker
     3 | D:1      | Noticed a dwarf
     3 | D:1      | Noticed an ogre
     3 | D:1      | Noticed a formicid
     3 | D:1      | Noticed a gargoyle
     3 | D:1      | Noticed an ogre
     3 | D:1      | Noticed an ogre
     5 | D:1      | Killed a gargoyle
     6 | D:1      | Killed an ogre
     6 | D:1      | Killed a human
     6 | D:1      | Killed a gargoyle
     7 | D:1      | Killed an ogre
     7 | D:1      | Killed a centaur
     8 | D:1      | Killed a formicid
     8 | D:1      | Killed a human
     9 | D:1      | Killed an ogre
     9 | D:1      | Killed a dwarf
    10 | D:1      | Killed a vine stalker
    11 | D:1      | Killed a draconian
    12 | D:1      | Reached skill level 3 in Axes
    12 | D:1      | Killed an ogre
    18 | D:1      | Reached XP level 2. HP: 19/26 MP: 2/2
   464 | D:1      | Reached skill level 4 in Axes
   861 | D:1      | Reached XP level 3. HP: 31/31 MP: 3/3
  1194 | D:2      | Reached skill level 5 in Axes
  1700 | D:2      | Reached XP level 4. HP: 37/39 MP: 4/4
  1768 | D:2      | Found a sacrificial altar of Ru.
  1797 | D:2      | Reached skill level 6 in Axes
  1897 | D:2      | Reached XP level 5. HP: 45/45 MP: 5/5
  1932 | D:2      | Found a glowing golden altar of the Shining One.
  1971 | D:2      | You fall through a shaft for 2 floors!
  1997 | D:4      | Reached skill level 7 in Axes
  2142 | D:3      | Noticed benitares's ghost (amateur VSGl)
  2276 | D:4      | Reached skill level 8 in Axes
  2276 | D:4      | Reached XP level 6. HP: 29/51 MP: 6/6
  2751 | D:4      | Reached skill level 9 in Axes
  3232 | D:2      | Found an ancient bone altar of Kikubaaqudgha.
  3237 | D:2      | Found a blossoming altar of Fedhas.
  3688 | D:3      | Reached XP level 7. HP: 39/57 MP: 7/7
  4873 | D:4      | Reached skill level 10 in Axes
  5453 | D:5      | Entered Level 5 of the Dungeon
  5499 | D:5      | Reached skill level 5 in Fighting
  5499 | D:5      | Reached XP level 8. HP: 52/68 MP: 8/8
  5623 | D:5      | Reached skill level 5 in Armour
  5774 | D:5      | Found a sparkling altar of Nemelex Xobeh.
  5976 | D:5      | Found a staircase to the Ecumenical Temple.
  5992 | Temple   | Entered the Ecumenical Temple
  6025 | Temple   | Became a worshipper of Makhleb the Destroyer
  6936 | D:6      | Reached skill level 11 in Axes
  7295 | D:6      | Reached XP level 9. HP: 70/78 MP: 9/9
  7325 | D:6      | Reached * piety under Makhleb
  7827 | D:7      | Found Domn's Book Shop.
  8501 | D:7      | Found a glowing silver altar of Zin.
  8681 | D:7      | Reached skill level 12 in Axes
  8997 | D:8      | Found Rofete's Assorted Antiques.
  9006 | D:8      | Bought a scroll of teleportation for 78 gold pieces
  9006 | D:8      | Bought a glowing cloak for 117 gold pieces
  9006 | D:8      | Bought a scroll of identify for 52 gold pieces
  9091 | D:8      | Reached skill level 5 in Shields
  9182 | D:8      | Reached ** piety under Makhleb
  9427 | D:8      | Reached XP level 10. HP: 85/91 MP: 10/10
  9531 | D:8      | Found an iron altar of Okawaru.
  9852 | D:9      | Found a stormy altar of Qazlal.
 10283 | D:9      | Found a radiant altar of Vehumet.
 10318 | D:10     | Entered Level 10 of the Dungeon
 10337 | D:10     | Reached skill level 13 in Axes
 10628 | D:10     | Found a staircase to the Lair.
 10636 | D:10     | Reached skill level 1 in Dodging
 10658 | Lair:1   | Entered Level 1 of the Lair of Beasts
 10719 | Lair:1   | Reached skill level 10 in Fighting
 10909 | Lair:1   | Reached *** piety under Makhleb
 11078 | Lair:1   | Reached XP level 11. HP: 101/101 MP: 11/11
 11298 | Lair:1   | Found a frozen archway.
 11323 | Lair:1   | HP: 6/151 [ice devil (20)]
 11508 | Lair:1   | Noticed a death yak
 11799 | D:10     | Reached skill level 14 in Axes
 11955 | D:10     | Noticed Psyche
 11964 | D:10     | Killed Psyche
 12344 | D:10     | Reached **** piety under Makhleb
 12505 | D:10     | Killed a death yak
 13150 | Lair:1   | Noticed an oklob plant
 13150 | Lair:1   | Noticed an oklob plant
 13572 | Lair:2   | Noticed wazuzu's ghost (novice DsGl)
 13609 | Lair:2   | Killed wazuzu's ghost
 13639 | Lair:2   | Reached XP level 12. HP: 108/108 MP: 15/15
 13679 | Lair:2   | Reached skill level 15 in Axes
 13686 | Lair:2   | Reached skill level 5 in Invocations
 13717 | Lair:2   | Noticed Gastronok
 13801 | Lair:2   | Killed Gastronok
 13801 | Lair:2   | Reached skill level 10 in Shields
 13867 | Lair:2   | Found a hole to the Spider Nest.
 14043 | Lair:2   | Identified a scroll of acquirement
 14046 | Lair:2   | Got a pair of ichor-stained boots
 14057 | Lair:2   | Identified the +2 pair of boots of Beogh's Fury {rElec rF+} (You acquired it on level 2 of the Lair of Beasts)
 14286 | Lair:2   | Found a staircase to the Shoals.
 14551 | Lair:2   | Noticed a five-headed hydra
 14571 | Lair:2   | Killed a one-headed hydra
 15171 | Lair:3   | Reached ***** piety under Makhleb
 15383 | Lair:3   | Found a snail-covered altar of Cheibriados.
 15626 | Lair:4   | Found an ancient bone altar of Kikubaaqudgha.
 15731 | Lair:4   | Reached skill level 16 in Axes
 15787 | Lair:4   | Noticed a four-headed hydra
 15807 | Lair:4   | Killed a one-headed hydra
 16903 | Lair:5   | Reached XP level 13. HP: 118/118 MP: 17/17
 17451 | Lair:5   | Found a staircase to the Slime Pits.
 17718 | Lair:6   | Entered Level 6 of the Lair of Beasts
 18147 | Lair:6   | Reached skill level 17 in Axes
 18377 | Lair:6   | Noticed Snorg
 18398 | Lair:6   | Killed Snorg
 19275 | Lair:6   | Reached XP level 14. HP: 132/132 MP: 18/18
 19337 | Lair:6   | Got a clouded ivory ring
 19345 | Lair:6   | Identified the ring of Grace {rElec Str-3 Dex+4 SInv} (You found it on level 6 of the Lair of Beasts)
 19899 | D:11     | Noticed Charly's ghost (novice SpEn)
 19993 | D:11     | Noticed Fannar
 20021 | D:11     | Killed Fannar
 20101 | D:11     | Found a staircase to the Orcish Mines.
 20126 | D:11     | Reached skill level 18 in Axes
 20204 | D:11     | Killed Charly's ghost
 20581 | D:12     | Found Fawkes's Gadget Shoppe.
 20760 | D:12     | Reached ****** piety under Makhleb
 21741 | Orc:1    | Entered Level 1 of the Orcish Mines
 21922 | Orc:2    | Entered Level 2 of the Orcish Mines
 21945 | Orc:2    | Paralysed by an orc sorcerer for 3 turns
 21946 | Orc:2    | HP: 3/133 [rust devil[an orc high priest] (7)]
 21946 | Orc:2    | Slain by an orc high priest

Vault maps used:
D:1:      nicolae_arrival_kraken_aquarium_b, serial_park_tiny_1,
          nrook_loot_triangle
D:2:      grunt_temple_overflow_growth_and_decay, tso_altar,
          nicolae_ru_great_annihilating_truth, serial_forest,
          infiniplex_forest_straight_2, infiniplex_forest_clump_C,
          infiniplex_forest_straight_1, infiniplex_forest_straight_3,
          infiniplex_forest_clump_medium, infiniplex_forest_straight_3,
          infiniplex_forest_lined_ring, infiniplex_forest_corner_1
D:4:      first_bread
D:5:      nemelex_xobeh_ov_fountains_minmay
D:7:      zin_treasury, serial_shops, kennysheep_mini, minmay_misc_feat_x
D:8:      lemuel_crystal_altar, serial_shops, shop
D:9:      nicolae_qazlal_style_of_elements, vehumet_statue
D:10:     grunt_lair_entry_orc_guard_hut, uniq_psyche
D:11:     erik_orc_1, david_nohive_1, uniq_fannar
D:12:     serial_shops, shop_statue, nrook_mini_backslash
Temple:   minmay_temple_bridge_abc
Lair:1:   minmay_lair_oklob_tunnel, portal_ice_cave_demonic_guard,
          beast_lair_carwin_8, bh_autumn_forest_stairs
Lair:2:   shoals_dummy_entry, dummy_spider_entry, uniq_gastronok
Lair:3:   minmay_stone_trees_medium, kennysheep_snail_temple
Lair:4:   basic_altar
Lair:5:   slime_dummy, grunt_megastairs_3
Lair:6:   minmay_lair_end_frog_pond, st_stairs_6, nicolae_quartered_pool_little,
          uniq_snorg
Orc:1:    serial_shops, nicolae_shop_overgrown_old_shop,
          statue_in_the_mist_lemuel
Orc:2:    st_orc_mages, minmay_orc_temple_a

Skill      XL: |  1  2  3  4  5  6  7  8  9 10 11 12 13 14 |
---------------+-------------------------------------------+-----
Axes           | 3 4 5 6 8 9 10 11 12 13 14 16 17 18 | 18.0
Fighting       | 5 6 9 10 12 14 | 14.5
Armour         | 4 6 7 8 |  8.3
Shields        | 5 7 9 11 12 13 | 13.6
Dodging        | 2 3 4 |  4.2
Invocations    | 4 6 |  6.3

Action                   |  1- 3 |  4- 6 |  7- 9 | 10-12 | 13-15 || total
-------------------------+-------+-------+-------+-------+-------++-------
Melee: War axe           |   103 |   149 |   587 |   881 |   822 ||  2542
Throw: Stone             |       |       |     1 |       |       ||     1
Invok: Lesser Servant of |       |       |       |       |     9 ||     9
       Minor Destruction |       |       |       |       |     4 ||     4
Evoke: Wand              |       |       |     2 |       |       ||     2
  Use: Potion            |       |     2 |     5 |     9 |     5 ||    21
       Scroll            |       |       |    11 |    13 |     4 ||    28
 Stab: Paralysed         |       |     2 |       |       |       ||     2
       Invisible         |       |     3 |       |       |     4 ||     7
       Distracted        |       |       |       |       |     1 ||     1
       Confused          |       |       |       |       |     3 ||     3
  Eat: Chunk             |     3 |     5 |    19 |    25 |    20 ||    72
       Pizza             |       |     1 |     1 |       |       ||     2
       Fruit             |       |       |     1 |       |       ||     1
Armor: Scale mail        |    41 |    55 |    49 |       |       ||   145
       Chain mail        |       |       |   180 |    39 |       ||   219
       Plate armour      |       |       |       |   316 |   315 ||   631
       Skin              |       |       |       |     7 |       ||     7
Dodge: Dodged            |    42 |    57 |   162 |   147 |   158 ||   566
Block: Shield            |     5 |       |    81 |   336 |   457 ||   879
       Buckler           |    20 |    29 |    69 |       |       ||   118
